Jess, neutral female human Valkyrie ------- |.....| --------------------------------- |.....| |...............................-# |.....| ---- -----%----+--..-----..|# |..<..| |...|.@@[| ..|(((|..|# -----.- |._.|.|..| ..|(((|..|# ## |..)%.---|----.|.. |..|# # |...|....-...|.-|---..|### # ----|....| ..|........| ) # -+--.-----..-----.| ### # |........-.]%|.| # # # -|---....| %%|.| #### # |. ----.- ---.| ## # # |.. +.. .| ### # |.. |... .+ # --------|--- ---- -..... .| ##-..........| .......| |..........| --------- ------------ Jess the Fighter Experience level: 6 Strength: 18/03 Dexterity: 13 Constitution: 15 Intelligence: 10 Wisdom: 9 Charisma: 7 Health: 0(54) Energy: 14(14) Def: 13 Gold: 328 Moves: 1125 Dungeon seed: fJ3ZGDYqNMfwRN55 Game ID: Jess_1527855534 Your Inventory: Coins $ - 328 gold pieces Amulets i - an uncursed amulet of strangulation Weapons a - 3 uncursed +2 spears (alternate weapon; not wielded) b - 4 uncursed +0 daggers I - a blessed +1 arrow Armor e - a blessed +3 small shield (being worn) q - an uncursed +0 banded mail (being worn) r - an uncursed +0 orcish helm (being worn) y - an uncursed +0 pair of iron shoes (being worn) z - an uncursed +0 dwarvish cloak (being worn) N - an uncursed +0 dwarvish iron helm Comestibles d - an uncursed food ration j - 2 uncursed lichen corpses L - 2 uncursed bananas P - an uncursed melon Scrolls k - an uncursed scroll of identify l - an uncursed scroll of punishment m - an uncursed scroll of water Potions u - an uncursed potion of booze A - an uncursed potion of monster detection B - an uncursed potion of gain level K - an uncursed potion of restore ability M - an uncursed potion of hallucination Q - an uncursed potion of object detection Rings o - an uncursed ring of cold resistance D - an uncursed ring of conflict H - an uncursed ring of fire resistance Wands c - an uncursed wand of cold (0:6) C - an uncursed wand of enlightenment (0:14) Tools f - an uncursed oil lamp (0:1241) h - an uncursed magic whistle F - an uncursed lock pick Spells and supernatural/magical abilities: Name Level Category Fail Memory W - pray for help -- divine ? -- Your skills at the end: Miscellaneous Skills shield [Basic] wands [Basic] stealth [Basic] Weapon Skills dagger [Basic] spear [Basic] Spellcasting Skills Final Attributes: You were devoutly aligned. You were cold resistant. You could fly. You are dead. Vanquished creatures: a giant beetle a soldier ant 6 Uruk-hai a shrieker 4 gnome lords 3 gnomish wizards a gray ooze a puppy 2 dwarves a homunculus 2 kobold lords an acid blob 5 geckos a hobgoblin a red mold 14 gnomes 2 manes a gnome zombie 2 jackals 2 newts 2 goblins a grid bug 4 lichens a kobold zombie 60 creatures vanquished. Voluntary challenges: You followed a strict vegan diet. You did not adorn yourself with jewelry or accessories. You did not cause conflict. You were not invisible. You did not have reflection. You were not displaced. You used a wielded weapon 58 times, starting on turn 615. You did not apply a unicorn horn. You did not use plumbed fixtures. You did not drink any magical draughts. You were illiterate. You never genocided any monsters. You never polymorphed an object. You never changed form. You used no wishes. You never split a pudding. You never wrote Elbereth's name. You violated your moral code, losing 1 point of alignment, starting on turn 498. Dungeon overview: The Dungeons of Doom: levels 1 to 4 Level 1 a long staircase Level 2 a fountain Level 3 Level 4 a fountain, a sink stairs to The Gnomish Mines The Gnomish Mines: levels 5 to 7 Level 5 stairs to The Dungeons of Doom Level 6 Level 7 <- You were here some shops, a temple to Loki, a magic chest History has recorded: On T:1 you entered the Dungeons of Doom to retrieve the Amulet of Yendor! On T:96 you reached level 2 of The Dungeons of Doom. On T:178 you reached level 3 of The Dungeons of Doom. On T:253 you advanced to experience level 2. On T:343 you reached level 4 of The Dungeons of Doom. On T:386 you advanced to experience level 3. On T:537 you reached level 1 of The Gnomish Mines. On T:616 you advanced to experience level 4. On T:737 you reached level 2 of The Gnomish Mines. On T:746 you advanced to experience level 5. On T:909 you reached level 3 of The Gnomish Mines. On T:1029 you entered the Minetown temple On T:1033 you advanced to experience level 6. On T:1090 you prayed to Odin. Score breakdown: Gold: 328 ( 32 points) Experience: 6 levels ( 500 points) Exploration: 7 levels ( 180 points) Discoveries: 16 items ( 800 points) Variety of kills: 24 monsters ( 1200 points) Major goal: reached Minetown ( 500 points) Survival: died (score multiplied by 3) Total score: 9636 Latest messages: You stop changing your equipment. The werejackal zaps an iridium wand! The magic missile hits you! The magic missile bounces! The magic missile whizzes by you! The werejackal zaps a wand of magic missile! The magic missile hits you! The magic missile bounces! The werejackal changes into a jackal. You begin bashing monsters with your bare hands. You miss the werejackal. The werejackal changes into a human. The werejackal zaps a wand of magic missile! The magic missile whizzes by you! The magic missile bounces! The magic missile hits you! You punch the werejackal! The werejackal zaps a wand of magic missile! The magic missile hits you! The magic missile bounces! The magic missile hits you! You die... Final status: Farvel Jess the Valkyrie, killed by a magic missile... You died in The Gnomish Mines on dungeon level 7 with 9636 points, and 328 pieces of gold, after 1125 moves. You were level 6 with a maximum of 54 hit points when you died.